 Dungeon Crawl Stone Soup version 0.29-a0-813-g4a14ea37d6 (webtiles) character file.

Game seed: 16163454001135752848

49 pokeman the Magician (level 3, -1/20 HPs)
             Began as a Deep Elf Hedge Wizard on July 4, 2022.
             Slain by a hobgoblin (2 damage)
             ... led by Robin
             ... on level 1 of the Dungeon.
             The game lasted 00:02:51 (1880 turns).

pokeman the Magician (Deep Elf Hedge Wizard)        Turns: 1880, Time: 00:02:51

Health: -1/20      AC:  3    Str:  7    XL:     3   Next: 51%
Magic:  5/11       EV: 11    Int: 20    God:
Gold:   44         SH:  0    Dex: 14    Spells: 1/12 levels left

rFire   . . .      SeeInvis .   b - +0 war axe
rCold   . . .      Faith    .   (no shield)
rNeg    . . .      Spirit   .   f - +0 leather armour
rPois   .          Reflect  .   c - +0 hat
rElec   .          Harm     .   (no cloak)
rCorr   .          Rampage  .   (no gloves)
Will    .....                   (no boots)
Stlth   ++........              (no amulet)
HPRegen 0.06/turn               (no ring)
MPRegen 0.12/turn               (no ring)

@: no status effects
A: no striking features
a: no special abilities


You were on level 1 of the Dungeon.
You visited 1 branch of the dungeon, and saw 2 of its levels.

You collected 44 gold pieces.

Inventory:

Hand Weapons
 b - a +0 war axe (weapon)
Missiles
 h - 6 curare-tipped darts
Armour
 c - a +0 hat (worn)
 f - a +0 leather armour (worn)
Scrolls
 e - a scroll of fog {unknown}
 m - a scroll of identify {unknown}
Potions
 a - a potion of degeneration {unknown}
 d - a potion of magic
 g - a potion of attraction {unknown}
 i - a potion of heal wounds {unknown}
 j - a potion of might {unknown}
 k - 2 potions of mutation {unknown}
 l - a potion of curing {unknown}


   Skills:
 - Level 1.0 Fighting
 - Level 1.0 Armour
 + Level 2.4 Dodging
 + Level 2.4 Stealth
 * Level 5.2 Spellcasting
 + Level 1.9 Conjurations
 - Level 1.1 Summonings
 - Level 1.1 Translocations


You had one spell level left.
You knew the following spells:

 Your Spells              Type           Power      Damage    Failure   Level
a - Magic Dart            Conj           48%        1d5       8%          1
b - Mephitic Cloud        Conj/Pois/Air  7%         N/A       36%         3
c - Call Imp              Summ           9%         N/A       16%         2
d - Blink                 Tloc           18%        N/A       16%         2
e - Conjure Flame         Conj/Fire      9%         6-21      32%         3

Your spell library contained the following spells:

 Spells                   Type           Power      Damage    Failure   Level
 Slow                     Hex            20%        N/A       17%         1
 Gell's Gravitas          Tloc           9%         N/A       30%         3
 Teleport Other           Tloc           9%         N/A       30%         3
 Dispersal                Tloc           4%         N/A       100%        6


Dungeon Overview and Level Annotations

Branches:
Dungeon (2/15)

Altars:

Annotations:
D:2 Robin


Message History

The hobgoblin hits you but does no damage.
Unknown command.
You completely miss the hobgoblin.
The hobgoblin is almost dead.
The hobgoblin barely misses you.
You barely miss the hobgoblin.
The hobgoblin is almost dead.
The hobgoblin closely misses you. The hobgoblin barely misses you.
You barely miss the hobgoblin.
The hobgoblin is almost dead.
The hobgoblin hits you.
You hit the hobgoblin but do no damage.
The hobgoblin is almost dead.
The hobgoblin hits you. x2
You hit the hobgoblin.
You kill the hobgoblin!
Your Fighting skill increases to level 1!
You barely miss the hobgoblin. The hobgoblin barely misses you.
The hobgoblin hits you.
Unknown command.
You hit the hobgoblin but do no damage. The hobgoblin closely misses you.
You hit the hobgoblin.
The hobgoblin is moderately wounded.
The hobgoblin barely misses you. The hobgoblin hits you.
Casting: Magic Dart (safe; 8% risk of failure)
Confirm with . or Enter, or press ? or * to list all spells.
Nothing appears to happen.
The hobgoblin barely misses you.
Unknown command.
The hobgoblin hits you.
* * * LOW HITPOINT WARNING * * *
You climb upwards.
There is a stone staircase leading down here.
Casting: Call Imp (safe; 16% risk of failure)
Confirm with . or Enter, or press ? or * to list all spells.
A beastly little devil appears in a puff of flame.
The hobgoblin hits you.
* * * LOW HITPOINT WARNING * * *
The hobgoblin attacks as you move away! The hobgoblin barely misses you.
The hobgoblin attacks as you move away! The hobgoblin hits you.
You die...

.....# ####### #.# #...# .....#
#.....# #.#########...# .....#
#.....######.##........... #.#..#
#....)........#........... ..#.†#
#.....#.##....#........... .##..#
#.....#.##....#.#####....# .##..#
#######.##......# #....#
.....####### #.#####.### #....#
.###.......# #..@g5..# #....# .#
#.#####.# #######.# #....#
.###.#####.# #.# #.....
........##.# #.# ##...#
####.##.##.#########.#########.##
####.##........................##
#.....)....#########.##.#.###....
#.########## #.##.#.###.##. #)#
##.##........##


You could see a hobgoblin (ally target) and a friendly crimson imp (summoned).

Vanquished Creatures
  A worm (D:2)
  An orc (D:2)
  3 bats (D:1)
  5 endoplasms (D:1)
  A giant cockroach (D:1)
  5 hobgoblins
  4 jackals (D:1)
  2 quokkas (D:1)
  4 ball pythons (D:1)
  A frilled lizard (D:1)
  8 goblins
  2 kobolds
  2 rats (D:1)
39 creatures vanquished.

Notes
Turn   | Place    | Note
-------+----------+-------------------------------------------
     0 | D:1      | pokeman the Deep Elf Hedge Wizard began the quest for the
                  | Orb.
     0 | D:1      | Reached XP level 1. HP: 10/10 MP: 7/7
   332 | D:1      | Reached XP level 2. HP: 11/16 MP: 1/9
   893 | D:1      | Reached skill level 5 in Spellcasting
  1156 | D:1      | Reached XP level 3. HP: 20/20 MP: 8/11
  1161 | D:1      | Learned a level 3 spell: Mephitic Cloud
  1164 | D:1      | Learned a level 2 spell: Call Imp
  1167 | D:1      | Learned a level 2 spell: Blink
  1171 | D:1      | Learned a level 3 spell: Conjure Flame
  1627 | D:2      | Noticed Robin
  1653 | D:2      | Reached skill level 1 in Armour
  1872 | D:2      | Reached skill level 1 in Fighting
  1878 | D:1      | HP: 1/20 [hobgoblin[Robin] (4)]
  1880 | D:1      | Slain by a hobgoblin

Illustrated notes

Levels and vault maps discovered:
D:1:      lemuel_arrival_behind_the_door_large, layout_loops_cross
D:2:      layout_basic, minmay_small_reverse_x, uniq_robin

Skill      XL: |  1  2  3 |
---------------+----------+-----
Spellcasting   | 5 |  5.2
Armour         | 1 |  1.0
Fighting       | 1 |  1.0
Dodging        | |  2.4
Stealth        | |  2.4
Conjurations   | |  1.9
Summonings     | |  1.1
Translocations | |  1.1

Action                   || total
-------------------------++-------
Melee: War axe           ||    18
       Punch             ||     1
 Cast: Magic Dart        ||    96
       Call Imp          ||     3
Armor: Leather armour    ||    10
Dodge: Dodged            ||    30

Table legend: (Time is in decaauts)
 A = Elapsed time spent in this place.
 B = Non-inter-level travel time spent in this place.
 C = Inter-level travel time spent in this place.
 D = Time resting spent in this place.
 E = Time spent auto-exploring this place.
 F = Levels seen in this place.
 G = Mean time per level.
                   A        B        C        D        E       F      G
               +--------+--------+--------+--------+--------+-----+--------+
         Total |   1889 |   1858 |     31 |    192 |   1394 |   2 |  944.5 |
       Dungeon |   1889 |   1858 |     31 |    192 |   1394 |   2 |  944.5 |
               +--------+--------+--------+--------+--------+-----+--------+

Top non-repeatable levels by time:
     D:1: 1747 daAuts
     D:2: 142 daAuts
